 Dungeon Sprint DCSS version 0.28-a0-178-ga708605c5b (webtiles) character file.

Game seed: 10046770862645007111

14601 MikeHunt the Spear-Bearer (level 12, -8/132 HPs)
             Began as a Naga Conjurer on Aug 17, 2021.
             Was the Champion of Cheibriados.
             Killed from afar by a deep elf annihilator (50 damage)
             ... with a bolt of lightning
             ... in the Dungeon (Sprint III: "The Ten Rune Challenge").
             The game lasted 00:28:51 (4230 turns).

MikeHunt the Spear-Bearer (Naga Conjurer)           Turns: 4230, Time: 00:28:51

Health: -8/132     AC:  9    Str: 25    XL:     12   Next: 18%
Magic:  15/22      EV: 18    Int: 40    God:    Cheibriados [******]
Gold:   1875       SH:  0    Dex: 25    Spells: 9/28 levels left

rFire   + . .      SeeInvis +   c - +5 demon trident (freeze)
rCold   + . .      Faith    .   (no shield)
rNeg    . . .      Spirit   .   s - +2 robe {rF+}
rPois   +          Reflect  .   (no helmet)
rElec   .          Harm     .   (no cloak)
rCorr   .          Rampage  .   o - +1 pair of gloves
Will    +....      NoTele   +   (no barding)
Stlth   +++++.....              (no amulet)
HPRegen 0.32/turn               t - ring of protection from cold
MPRegen 0.18/turn               (no ring)

@: very slow
A: AC +4, large, see invisible, deformed body, poison resistance, slowness 2,
spit poison 1, naga tail 1, clever 1, low mp 1, robust 1
a: Spit Poison, Renounce Religion, Bend Time, Temporal Distortion, Slouch, Step
From Time


You were in the Dungeon.
You worshipped Cheibriados.
Cheibriados was exalted by your worship.
You visited 1 branch You collected 2040 gold pieces.
You spent 165 gold pieces at shops.

Inventory:

Hand Weapons
 c - a +5 demon trident of freezing (weapon)
 l - a +0 long sword of holy wrath
 n - a +1 trident of protection
 q - a +2 dagger of draining
Missiles
 d - 11 boomerangs
 e - 7 javelins
 g - 5 atropa-tipped darts
Armour
 a - a +0 robe
 f - a +0 ring mail
 k - a +0 plate armour
 o - a +1 pair of gloves (worn)
 r - a +0 leather armour
 s - a +2 robe of fire resistance (worn)
Jewellery
 t - a ring of protection from cold (left hand)
Wands
 p - a wand of digging (2)
Scrolls
 h - 2 scrolls of immolation
Potions
 b - 2 potions of curing
 j - a potion of flight
 m - a potion of might
 u - a potion of attraction


   Skills:
 - Level 11.4 Fighting
 - Level 4.0 Long Blades
 + Level 12.9 Polearms
 - Level 10.1 Dodging
 - Level 10.0 Stealth
 - Level 8.7 Spellcasting
 - Level 12.0 Conjurations
 - Level 7.8 Hexes
 - Level 9.3 Ice Magic
 - Level 4.4 Air Magic
 - Level 10.0 Invocations


You had 9 spell levels left.
You knew the following spells:

 Your Spells              Type           Power      Damage    Failure   Level
a - Magic Dart            Conj           100%       1d8       0%          1
b - Dazzling Flash        Conj/Hex       100%       N/A       1%          3
d - Iskenderun's Mystic   Conj/Tloc      60%        2d13      1%          4
r - Searing Ray           Conj           100%       3d7       1%          2
t - Fulminant Prism       Conj/Hex       38%        3d18      1%          4
y - Freezing Cloud        Conj/Ice/Air   36%        6-21      1%          5

Your spell library contained the following spells:

 Spells                   Type           Power      Damage    Failure   Level
 Corpse Rot               Necr/Air       N/A        N/A       1%          2
 Poisonous Vapours        Pois/Air       70%        N/A       1%          2


Dungeon Overview and Level Annotations

Branches:
Dungeon (1/1)

Altars:
Cheibriados
Dithmenos
Elyvilon
Fedhas
Gozag
Hepliaklqana
Kikubaaqudgha
Makhleb
Nemelex Xobeh
Okawaru
Qazlal
Ru
Sif Muna
Trog
Uskayaw
Vehumet
Wu Jian
Xom
Yredelemnul
Zin
The Shining One
Beogh
Jiyva
Lugonu

Shops:
D *

Annotations:
D exclusion: door, Nellie


Innate Abilities, Weirdness & Mutations

Your serpentine skin is tough. (AC +4)
You have supernaturally acute eyesight. (SInv)
Armour fits poorly on your strangely shaped body.
Your system is resistant to poisons. (rPois)
You cover ground very slowly.
You can spit poison.
You have a snake-like lower body.
Your mind is acute. (Int +2)
Your magical capacity is low. (-10% MP)
You are robust. (+10% HP)


Message History

Confirm with . or Enter, or press ? or * to list all spells.
Aiming: Fulminant Prism (safe; 1% risk of failure)
Press: ? - help, Dir - move target You conjure a prism of explosive energy!
A fulminant prism comes into view.
The deep elf high priest hits your fulminant prism with a staff of air.
Your fulminant prism is electrocuted.
The deep elf high priest hits your fulminant prism with a staff of air.
Your fulminant prism is electrocuted.
Your fulminant prism crackles loudly.
The deep elf high priest prays to its god.
The deep elf high priest begins emitting a brilliant aura!
The crystal spear hits your fulminant prism!!!!
Your fulminant prism explodes!
The blast of energy engulfs the deep elf high priest but does no damage.
You hear a shout! x2
Casting: Fulminant Prism (safe; 1% risk of failure)
Confirm with . or Enter, or press ? or * to list all spells.
Aiming: Fulminant Prism (safe; 1% risk of failure)
Press: ? - help, Dir - move target You conjure a prism of explosive energy!
A fulminant prism comes into view.
You hear a shout!
The deep elf high priest calls down the wrath of its god upon you.
Something smites you!
The deep elf annihilator gestures at you while chanting.
The poison arrow hits your fulminant prism!
Your fulminant prism partially resists.
Your fulminant prism crackles loudly.
An arrow appears from out of your range of vision.
The arrow hits your fulminant prism!!!
Your fulminant prism explodes!
The deep elf annihilator casts a spell.
The deep elf annihilator blinks!
You see here a +0 long sword.
The deep elf annihilator casts a spell at you.
The bolt of lightning hits you!!! x2
The deep elf annihilator points at you and mumbles some strange words.
The bolt of lightning hits you!!!
You die... ▓▓▓▓▓▓ ##########.##.####### ### #__#.##....#..).#...# §..' #[_#.........##.#...##≈≈≈≈# #'##.[).....#.#)#...≈≈≈.... !..#)[........#.#...##≈≈≈≈# ...#[###∩###..#.@)e.# e.e

##'#.##..# .######## #
..)#'############################
...#....#.#.#..[..#..^.^.+†Y.†≈.φ
..)##.#))#.##.###.#....^.#†††≈≈##
...'##[#.#.##.#.)##.^.^.^#††.≈≈≈≈
...#)..#..#.)##..)[......#..†††≈≈
▓▓▓▓▓▓▓▓▓▓▓▓▓▓▓▓▓#.....^.#...†...
≈≈≈........≈≈≈...#..^..^.#.......


You could see a deep elf annihilator (empowered).

Vanquished Creatures
  2 hydras (D)
  Erolcha (D)
  3 deep elf knights (D)
  Urug (D)
  A spriggan druid (D)
  A lindwurm (D)
  A death drake (D)
  An orc sorcerer (D)
  2 deep elf pyromancers (D)
  A deep elf zephyrmancer (D)
  A rime drake (D)
  2 cane toads (D)
  A komodo dragon (D)
  3 wandering mushrooms (D)
  A queen bee (D)
  2 tyrant leeches (D)
  A blink frog (D)
  A shadow (D)
  5 redbacks (D)
  2 spriggans (D)
  A spatial vortex (D)
  A swamp drake (D)
  3 orc warriors (D)
  A necrophage (D)
  5 two-headed ogres (D)
  A water elemental (D)
  32 killer bees (D)
  An electric eel (D)
  A jelly (D)
  3 orc priests (D)
  A wizard (D)
  4 orc wizards (D)
  A necromancer (D)
  3 humans (D)
  A kobold demonologist (D)
  A phantom (D)
  7 orcs (D)
  2 endoplasms (D)
  2 rats (D)
104 creatures vanquished.

Vanquished Creatures (others)
  16 fulminant prisms (D)
  3 fungi (D)
  3 plants (D)
22 creatures vanquished.

Grand Total: 126 creatures vanquished

Notes
Turn   | Place    | Note
-------+----------+-------------------------------------------
     0 | D        | MikeHunt the Naga Conjurer began the quest for the Orb.
     0 | D        | Reached XP level 1. HP: 15/15 MP: 3/3
   122 | D        | Reached XP level 2. HP: 2/22 MP: 0/6
   182 | D        | Learned a level 2 spell: Searing Ray
   424 | D        | Gained mutation: You occasionally shout uncontrollably at
                  | your foes. [potion of mutation]
   424 | D        | Gained mutation: You are covered in fur. (AC +1) [potion of
                  | mutation]
   425 | D        | Lost mutation: You occasionally shout uncontrollably at
                  | your foes. [potion of mutation]
   425 | D        | Gained mutation: You sometimes lose the ability to read
                  | scrolls when taking damage. [potion of mutation]
   425 | D        | Gained mutation: You have a pair of small horns on your
                  | head. [potion of mutation]
   444 | D        | Reached skill level 5 in Conjurations
   444 | D        | Reached XP level 3. HP: 22/28 MP: 0/9
   453 | D        | Learned a level 3 spell: Dazzling Flash
   536 | D        | Noticed a water elemental
   543 | D        | Killed a water elemental
   544 | D        | Reached skill level 5 in Spellcasting
   544 | D        | Reached XP level 4. HP: 31/36 MP: 2/11
   585 | D        | Learned a level 4 spell: Fulminant Prism
   618 | D        | Found a glowing silver altar of Zin.
   618 | D        | Found a glowing golden altar of the Shining One.
   618 | D        | Found a white marble altar of Elyvilon.
   618 | D        | Noticed a deep elf pyromancer
   622 | D        | Killed a deep elf pyromancer
   623 | D        | Reached skill level 5 in Fighting
   623 | D        | Reached skill level 5 in Stealth
   623 | D        | Reached XP level 5. HP: 52/52 MP: 2/15
   623 | D        | Reached XP level 6. HP: 61/61 MP: 2/16
   623 | D        | Reached XP level 7. HP: 67/67 MP: 2/18
   724 | D        | Noticed a shadow
   726 | D        | Killed a shadow
   727 | D        | Reached skill level 5 in Dodging
   778 | D        | Found a blossoming altar of Fedhas.
   778 | D        | Found a stormy altar of Qazlal.
   778 | D        | Found a snail-covered altar of Cheibriados.
   778 | D        | Found a burning altar of Makhleb.
   778 | D        | Found a shimmering altar of Xom.
   778 | D        | Noticed a spatial vortex
   783 | D        | Found a hazy altar of Hepliaklqana.
   783 | D        | Found an opulent altar of Gozag.
   783 | D        | Found a sparkling altar of Nemelex Xobeh.
   783 | D        | Found a corrupted altar of Lugonu.
   783 | D        | Found a viscous altar of Jiyva.
   812 | D        | Became a worshipper of Cheibriados the Contemplative
   820 | D        | Killed a spatial vortex
   892 | D        | Learned a level 4 spell: Iskenderun's Mystic Blast
   904 | D        | Found a radiant altar of Vehumet.
   910 | D        | Reached * piety under Cheibriados
   911 | D        | Found a shimmering blue altar of Sif Muna.
   911 | D        | Found an ancient bone altar of Kikubaaqudgha.
   974 | D        | Found a hide-covered altar of Uskayaw.
   974 | D        | Found an iron altar of Okawaru.
   979 | D        | Noticed a human
   980 | D        | Killed a human
   980 | D        | Noticed a human
   981 | D        | Reached XP level 8. HP: 74/74 MP: 8/20
   982 | D        | Reached ** piety under Cheibriados
   989 | D        | Learned a level 5 spell: Freezing Cloud
   989 | D        | Found a bloodstained altar of Trog.
   989 | D        | Found an ornate altar of the Wu Jian Council.
  1048 | D        | Found a shadowy altar of Dithmenos.
  1052 | D        | Reached skill level 10 in Conjurations
  1052 | D        | Reached skill level 1 in Ice Magic
  1052 | D        | Found a basalt altar of Yredelemnul.
  1052 | D        | Found a sacrificial altar of Ru.
  1080 | D        | Reached *** piety under Cheibriados
  1092 | D        | Lost mutation: You are covered in fur. (AC +1) [potion of
                  | mutation]
  1092 | D        | Lost mutation: You have a pair of small horns on your head.
                  | [potion of mutation]
  1092 | D        | Lost mutation: You sometimes lose the ability to read
                  | scrolls when taking damage. [potion of mutation]
  1092 | D        | Gained mutation: You expend magic power (3 MP) to
                  | strengthen your wands. [potion of mutation]
  1092 | D        | Gained mutation: You are frail. (-10% HP) [potion of
                  | mutation]
  1093 | D        | Lost mutation: You are frail. (-10% HP) [potion of
                  | mutation]
  1093 | D        | Lost mutation: You expend magic power (3 MP) to strengthen
                  | your wands. [potion of mutation]
  1093 | D        | Gained mutation: You are clumsy. (Dex -2) [potion of
                  | mutation]
  1094 | D        | Lost mutation: You are clumsy. (Dex -2) [potion of
                  | mutation]
  1094 | D        | Gained mutation: Your mind is acute. (Int +2) [potion of
                  | mutation]
  1094 | D        | Gained mutation: Your magical capacity is low. (-10% MP)
                  | [potion of mutation]
  1094 | D        | Gained mutation: You are robust. (+10% HP) [potion of
                  | mutation]
  1257 | D        | Noticed a two-headed ogre
  1269 | D        | Killed a two-headed ogre
  1269 | D        | Reached **** piety under Cheibriados
  1270 | D        | Reached skill level 5 in Invocations
  1270 | D        | Reached XP level 9. HP: 23/90 MP: 4/19
  1508 | D        | Noticed an orc sorcerer
  1512 | D        | Killed an orc sorcerer
  1524 | D        | Reached ***** piety under Cheibriados
  1562 | D        | Reached skill level 5 in Ice Magic
  1741 | D        | Reached ****** piety under Cheibriados
  1835 | D        | Found Losyrphir's Assorted Antiques.
  1894 | D        | Bought a small jade ring for 140 gold pieces
  1894 | D        | Bought a bubbling yellow potion for 25 gold pieces
  1918 | D        | Noticed Erolcha
  1921 | D        | Killed Erolcha
  1922 | D        | Reached XP level 10. HP: 105/105 MP: 11/20
  2040 | D        | Reached skill level 10 in Stealth
  2064 | D        | Noticed Nellie
  2403 | D        | Reached skill level 10 in Fighting
  2471 | D        | Noticed a cane toad
  2471 | D        | Noticed a cane toad
  2474 | D        | Killed a cane toad
  2474 | D        | Killed a cane toad
  2475 | D        | Reached XP level 11. HP: 38/121 MP: 15/21
  2856 | D        | Reached skill level 1 in Air Magic
  2856 | D        | Reached skill level 10 in Invocations
  3135 | D        | Noticed a lindwurm
  3139 | D        | Killed a lindwurm
  3485 | D        | Noticed Urug
  3495 | D        | Killed Urug
  3496 | D        | Reached skill level 10 in Dodging
  3767 | D        | Noticed a five-headed hydra
  3767 | D        | Noticed a five-headed hydra
  3772 | D        | Killed a five-headed hydra
  3772 | D        | Killed a five-headed hydra
  3804 | D        | Noticed a death drake
  3806 | D        | Found a blossoming altar of Fedhas.
  3806 | D        | Noticed a spriggan druid
  3809 | D        | Killed a spriggan druid
  3812 | D        | Killed a death drake
  4002 | D        | Noticed a deep elf pyromancer
  4002 | D        | Noticed a deep elf knight
  4002 | D        | Noticed a deep elf knight
  4002 | D        | Noticed a deep elf zephyrmancer
  4002 | D        | Noticed a deep elf knight
  4034 | D        | Killed a deep elf knight
  4035 | D        | Reached skill level 10 in Polearms
  4042 | D        | Killed a deep elf knight
  4043 | D        | Reached XP level 12. HP: 102/132 MP: 12/22
  4060 | D        | Killed a deep elf knight
  4066 | D        | Noticed a deep elf high priest
  4132 | D        | Noticed a deep elf annihilator
  4133 | D        | Noticed a deep elf annihilator
  4133 | D        | Noticed a deep elf death mage
  4140 | D        | Identified the +3 dire flail "Nelluups" {protect, rN+}
  4140 | D        | Noticed a deep elf annihilator
  4230 | D        | Killed from afar by a deep elf annihilator

Illustrated notes

Levels and vault maps discovered:
D:        dungeon_sprint_mu [sprint_mu_entry_forest, sprint_mu_temple_rooms,
          sprint_mu_d1_spiders, sprint_mu_d2_genie, sprint_mu_d3_branching,
          sprint_mu_orc_legion, sprint_mu_elf_gauntlet, sprint_mu_hive_nellie,
          sprint_mu_lair_fedhas, sprint_mu_vaults_butterflies,
          sprint_mu_slime_circle, sprint_mu_swamp_cave, sprint_mu_shoals_kraken,
          sprint_mu_blade_basic, sprint_mu_crypt_chambers,
          sprint_mu_tomb_spiral, sprint_mu_vestibule_basic,
          sprint_mu_gehenna_hellfire, sprint_mu_dis_giant,
          sprint_mu_tartarus_statrot, sprint_mu_cocytus_islands, sprint_mu_zot1]

Skill      XL: |  1  2  3  4  5  6  7  8  9 10 11 12 |
---------------+-------------------------------------+-----
Spellcasting   | 3 4 5 7 8 |  8.7
Conjurations   | 5 6 8 9 10 11 12 | 12.0
Hexes          | 3 6 7 |  7.8
Fighting       | 5 6 8 10 11 | 11.4
Dodging        | 4 5 7 9 10 | 10.1
Stealth        | 5 7 10 | 10.0
Long Blades    | 4 |  4.0
Invocations    | 2 5 6 9 10 | 10.0
Ice Magic      | 3 6 9 |  9.3
Air Magic      | 4 |  4.4
Polearms       | 11 12 | 12.9

Action                   |  1- 3 |  4- 6 |  7- 9 | 10-12 || total
-------------------------+-------+-------+-------+-------++-------
Melee: Long sword        |       |       |    17 |     5 ||    22
       Demon trident     |       |       |       |     6 ||     6
 Cast: Magic Dart        |    14 |       |     4 |       ||    18
       Searing Ray       |     3 |     1 |    16 |    12 ||    32
       Fulminant Prism   |       |     1 |    10 |     5 ||    16
       Dazzling Flash    |       |       |     4 |     4 ||     8
       Iskenderun's Myst |       |       |     4 |     6 ||    10
       Freezing Cloud    |       |       |     5 |    15 ||    20
Invok: Slouch            |       |       |       |     5 ||     5
       Bend Time         |       |       |       |     1 ||     1
 Abil: Spit Poison       |     4 |       |     7 |     7 ||    18
Evoke: Wand              |       |       |       |     1 ||     1
  Use: Potion            |     3 |       |     4 |     3 ||    10
       Scroll            |     2 |       |     1 |     1 ||     4
Armor: Robe              |     1 |       |     5 |     7 ||    13
Dodge: Dodged            |     5 |     1 |    35 |    39 ||    80
       Rpst.: Long sword |       |       |     6 |    14 ||    20

Table legend: (Time is in decaauts)
 A = Elapsed time spent in this place.
 B = Non-inter-level travel time spent in this place.
 C = Inter-level travel time spent in this place.
 D = Time resting spent in this place.
 E = Time spent auto-exploring this place.
 F = Levels seen in this place.
 G = Mean time per level.
                   A        B        C        D        E       F      G
               +--------+--------+--------+--------+--------+-----+--------+
         Total |   5091 |   4892 |    199 |   3177 |      0 |   1 | 5091.0 |
       Dungeon |   5091 |   4892 |    199 |   3177 |      0 |   1 | 5091.0 |
               +--------+--------+--------+--------+--------+-----+--------+

Top non-repeatable levels by time:
       D: 5091 daAuts
